 Dungeon Crawl Stone Soup version 0.28.0 (webtiles) character file.

Game seed: 3213491130407026218

11366 pkoi the Frost Mage (level 11, -4/79 HPs)
             Began as a Grey Draconian Ice Elementalist on Feb 12, 2022.
             Was a Priest of Sif Muna.
             Slain by an ice beast (8 damage)
             ... summoned by Fannar
             ... on level 1 of the Lair of Beasts on Feb 13, 2022.
             The game lasted 00:27:52 (15778 turns).

pkoi the Frost Mage (DrIE)                         Turns: 15778, Time: 00:27:53

Health: -4/79      AC: 16    Str: 16    XL:     11   Next: 48%
Magic:  20/20      EV: 14    Int: 20    God:    Sif Muna [***...]
Gold:   375        SH:  0    Dex: 12    Spells: 5/22 levels left

rFire   . . .      SeeInvis .   g - +4 mace (chaos)
rCold   . . .      Faith    .   (no shield)
rNeg    . . .      Spirit   .   (armour unavailable)
rPois   .          Reflect  .   (helmet restricted)
rElec   .          Harm     .   u - +0 cloak
rCorr   .          Rampage  .   f - +0 pair of gloves
Will    .....                   q - +1 pair of boots
Stlth   ++........              k - amulet of magic regeneration
HPRegen 0.23/turn               d - +6 ring of strength
MPRegen 0.57/turn               m - ring of flight

@: flying, slowed, very slow
A: AC +12, amphibious, unfitting armour, cold-blooded
a: Renounce Religion, Channel Magic, Forget Spell


You were on level 1 of the Lair of Beasts.
You worshipped Sif Muna.
Sif Muna was most pleased with you.
You visited 3 branches of the dungeon, and saw 11 of its levels.

You collected 375 gold pieces.

Inventory:

Hand Weapons
 a - a +0 club
 b - a +0 whip of flaming
 c - a +3 falchion
 g - a +4 mace of chaos (weapon)
 p - a +0 shortbow
Missiles
 s - 40 arrows
Armour
 f - a +0 pair of gloves (worn)
 q - a +1 pair of boots (worn)
 u - a +0 cloak (worn)
Jewellery
 d - a +6 ring of strength (left hand)
 k - an amulet of magic regeneration (around neck)
 m - a ring of flight (right hand)
 o - an amulet of guardian spirit
Wands
 r - a wand of acid (14)
Scrolls
 e - a scroll of fog
 i - 2 scrolls of teleportation
 j - a scroll of brand weapon
 v - a scroll of magic mapping
 y - a scroll of identify
Potions
 h - a potion of magic
 l - a potion of cancellation
 n - 3 potions of curing
 t - a potion of berserk rage
 x - a potion of heal wounds
 z - a potion of brilliance


   Skills:
 - Level 2.0 Fighting
 - Level 2.5 Maces & Flails
 + Level 6.4 Bows
 - Level 6.0 Dodging
 - Level 1.7 Stealth
 - Level 6.0 Spellcasting
 - Level 6.1 Conjurations
 + Level 11.3 Ice Magic
 + Level 7.4 Invocations


You had 5 spell levels left.
You knew the following spells:

 Your Spells              Type           Power      Damage    Failure   Level
a - Ozocubu's Armour      Ice            51%        N/A       1%          3
b - Frozen Ramparts       Ice            100%       1d12      1%          3
c - Hailstorm             Conj/Ice       40%        3d10      3%          4
d - Ozocubu's Refrigerat  Ice            25%        4d10      63%         7

Your spell library contained the following spells:

 Spells                   Type           Power      Damage    Failure   Level
 Freeze                   Ice            100%       1d11      1%          1
 Ensorcelled Hibernation  Hex/Ice        56%        N/A       1%          2
 Foxfire                  Conj/Fire      72%        2x1d7     3%          1
 Conjure Flame            Conj/Fire      18%        6-21      9%          3
 Dazzling Flash           Conj/Hex       36%        N/A       9%          3
 Beastly Appendage        Tmut           12%        N/A       11%         1
 Passwall                 Tmut/Erth      5%         N/A       16%         2
 Wereblood                Tmut           6%         N/A       16%         2
 Inner Flame              Hex/Fire       6%         N/A       30%         3
 Spider Form              Tmut/Pois      6%         N/A       30%         3
 Swiftness                Air            6%         N/A       30%         3
 Flame Wave               Conj/Fire      18%        2d6       30%         4
 Lightning Bolt           Conj/Air       9%         1d21      63%         5
 Airstrike                Air            3%         N/A       71%         4
 Summon Lightning Spire   Summ/Air       6%         N/A       71%         4
 Agony                    Necr           6%         N/A       96%         5
 Alistair's Intoxication  Tmut/Pois      4%         N/A       96%         5
 Borgnjor's Vile Clutch   Necr/Erth      3%         N/A       96%         5
 Silence                  Hex/Air        3%         N/A       96%         5
 Eringya's Noxious Bog    Tmut/Pois      3%         N/A       100%        6


Dungeon Overview and Level Annotations

Branches:
Dungeon (9/15)             Temple (1/1) D:6            Lair (1/6) D:8
    Orc (0/2) D:9

Altars:
Ashenzari
Cheibriados
Dithmenos
Elyvilon
Fedhas
Gozag
Hepliaklqana
Kikubaaqudgha
Makhleb
Nemelex Xobeh
Okawaru
Qazlal
Ru
Sif Muna
Trog
Uskayaw
Vehumet
Wu Jian
Xom
Yredelemnul
Zin
The Shining One

Shops:
D:2 (   D:6 (

Annotations:
Lair:1 Fannar


Innate Abilities, Weirdness & Mutations

Your dull iron-grey scales are very hard. (AC +12)
You are amphibious.
You cannot fit into any form of body armour.
You are cold-blooded and may be slowed by cold attacks.


Message History

The ice beast barely misses you.
Fannar completely resists.
The wall freezes Fannar but does no damage.
Fannar glares icily.
Fannar barely misses you.
You hit Fannar but do no damage.
Fannar seems to speed up.
Fannar is moderately wounded.
Fannar completely resists.
The wall freezes Fannar but does no damage.
Fannar mumbles some strange words.
The ice beast completely resists.
The wall freezes the ice beast but does no damage.
The ice beast barely misses you.
Fannar resists.
The wall freezes Fannar.
Fannar mumbles some strange words.
You barely miss Fannar.
Fannar is moderately wounded.
Fannar completely resists.
The wall freezes Fannar but does no damage.
Fannar closely misses you.
The ice beast completely resists.
The wall freezes the ice beast but does no damage.
The ice beast hits you but does no damage.
The ice beast completely resists.
The wall freezes the ice beast but does no damage.
The ice beast completely resists.
The wall freezes the ice beast but does no damage.
The ice beast hits you but does no damage.
You closely miss Fannar.
Your tail-slap misses Fannar.
Fannar is moderately wounded.
The frozen ramparts melt away.
Fannar barely misses you.
The ice beast hits you but does no damage.
Fannar mumbles some strange words.
Fannar drains the heat from the surrounding environment!
* * * LOW HITPOINT WARNING * * *
The ice beast hits you.
* * * LOW HITPOINT WARNING * * *
The ice beast freezes you!
* * * LOW HITPOINT WARNING * * *
The ice beast hits you.
* * * LOW HITPOINT WARNING * * *
The ice beast freezes you!
You feel yourself slow down.
You die...

#..........#
###....#g....#
..####.#.##........
.........##).......
####.#...##.####..#
##÷.##..# #..##Y###
### #...#YY.#
##.########..##e@.#
..........<..####.#
#.P######....# #.#
#.## #....# #.# ..#
#÷..## #.# #.#
##.÷.####.# #.#
#......#.# #.#
#..###.#.#
#.########÷÷###...#


You could see Fannar (fast, strong, very poisoned) and 3 ice beasts.

Vanquished Creatures
  A hydra (Lair:1)
  2 boulder beetles
  4 cane toads (Lair:1)
  Grinder (D:5)
  A hornet (D:8)
  2 blink frogs
  A wraith (D:9)
  15 yaks
  A wyvern (D:9)
  A steam dragon (D:5)
  Grum (Lair:1)
  3 water moccasins
  A black bear (D:5)
  A sky beast (D:7)
  7 orc warriors
  An ice beast (D:8)
  An ogre (D:5)
  6 necrophages (D:9)
  2 wolves (Lair:1)
  2 centaurs
  2 phantoms
  6 bullfrogs
  A wyvern zombie (D:9)
  A gnoll sergeant (D:9)
  4 scorpions
  3 killer bees (D:7)
  10 wights
  An electric eel (D:9)
  A bullfrog zombie (D:5)
  3 howler monkeys (D:7)
  8 centaur zombies
  2 hounds (D:6)
  A bullfrog skeleton (D:6)
  A gnoll shaman (D:5)
  6 orc priests
  4 iguanas
  A centaur skeleton (D:7)
  4 orc wizards
  A killer bee zombie (D:9)
  A hound zombie (D:5)
  3 howler monkey zombies
  A mummy (D:9)
  6 adders
  9 gnolls
  2 shadow imps (D:5)
  2 white imps
  A worm (D:3)
  An adder skeleton (D:4)
  2 dart slugs
  38 orcs
  10 endoplasms
  3 giant cockroaches
  7 goblins
  2 hobgoblins
  4 jackals (D:1)
  2 quokkas (D:1)
  7 ball pythons
  13 bats
  4 frilled lizards
  8 kobolds
  9 rats
249 creatures vanquished.

Vanquished Creatures (others)
  A bush (Lair:1)
  8 fungi (D:8)
  9 plants
18 creatures vanquished.

Grand Total: 267 creatures vanquished

Notes
Turn   | Place    | Note
-------+----------+-------------------------------------------
     0 | D:1      | pkoi the Draconian Ice Elementalist began the quest for the
                  | Orb.
     0 | D:1      | Reached XP level 1. HP: 14/14 MP: 3/3
   223 | D:1      | Reached XP level 2. HP: 18/20 MP: 5/5
  1276 | D:1      | Reached skill level 5 in Ice Magic
  1360 | D:1      | Reached XP level 3. HP: 24/26 MP: 6/6
  1748 | D:1      | Learned a level 3 spell: Frozen Ramparts
  2123 | D:2      | Found Atoitujy's Weapon Boutique.
  2345 | D:2      | Reached XP level 4. HP: 33/33 MP: 4/7
  3106 | D:3      | Reached skill level 6 in Ice Magic
  3289 | D:3      | Reached XP level 5. HP: 16/38 MP: 4/8
  3637 | D:3      | Learned a level 4 spell: Hailstorm
  4642 | D:4      | Reached skill level 1 in Conjurations
  5102 | D:4      | Noticed a phantom
  5133 | D:4      | Killed a phantom
  5134 | D:4      | Reached XP level 6. HP: 25/45 MP: 4/10
  5825 | D:4      | Found an ornate altar of the Wu Jian Council.
  5949 | D:5      | Entered Level 5 of the Dungeon
  5964 | D:5      | Reached skill level 7 in Ice Magic
  6054 | D:5      | Noticed Grinder
  6059 | D:5      | Your scales start taking on a dull iron-grey colour.
  6059 | D:5      | Reached XP level 7. HP: 45/50 MP: 9/12
  6642 | D:6      | Found a staircase to the Ecumenical Temple.
  6652 | Temple   | Entered the Ecumenical Temple
  6729 | Temple   | Became a worshipper of Sif Muna the Loreminder
  6894 | D:6      | Reached skill level 1 in Fighting
  6894 | D:6      | Reached skill level 1 in Maces & Flails
  7285 | D:5      | Reached XP level 8. HP: 13/49 MP: 14/14
  7830 | D:6      | Reached skill level 8 in Ice Magic
  8200 | D:6      | Learned a level 3 spell: Ozocubu's Armour
  8538 | D:6      | Found Ceusadic's Weapon Shoppe.
  8689 | D:7      | Reached skill level 5 in Conjurations
  9385 | D:7      | Reached XP level 9. HP: 67/67 MP: 15/15
 10444 | D:5      | Paralysed by Grinder for 6 turns
 10472 | D:5      | Paralysed by Grinder for 5 turns
 10478 | D:5      | Killed Grinder
 10479 | D:5      | Reached skill level 1 in Bows
 10479 | D:5      | Reached skill level 9 in Ice Magic
 10879 | D:7      | Reached * piety under Sif Muna
 11407 | D:7      | Reached skill level 1 in Invocations
 11816 | D:8      | Reached skill level 5 in Dodging
 12239 | D:8      | Reached XP level 10. HP: 61/73 MP: 17/17
 12360 | D:8      | Reached skill level 5 in Spellcasting
 12461 | D:8      | Found a staircase to the Lair.
 12727 | D:9      | Reached ** piety under Sif Muna
 13014 | D:9      | Reached skill level 10 in Ice Magic
 13329 | D:9      | Found a staircase to the Orcish Mines.
 13534 | D:9      | Noticed a boulder beetle
 13551 | D:9      | Killed a boulder beetle
 13552 | D:9      | Reached skill level 5 in Invocations
 13945 | D:9      | Reached skill level 5 in Bows
 14070 | D:9      | Learned a level 7 spell: Ozocubu's Refrigeration
 14853 | Lair:1   | Entered Level 1 of the Lair of Beasts
 14854 | Lair:1   | Noticed a cane toad
 14860 | Lair:1   | Noticed a cane toad
 14863 | Lair:1   | Killed a cane toad
 14863 | Lair:1   | Reached *** piety under Sif Muna
 14864 | Lair:1   | Reached XP level 11. HP: 43/79 MP: 20/20
 14869 | Lair:1   | HP: 3/79 [cane toad (15)]
 15254 | Lair:1   | Reached skill level 11 in Ice Magic
 15259 | Lair:1   | Noticed a boulder beetle
 15283 | Lair:1   | Killed a boulder beetle
 15303 | Lair:1   | Noticed a five-headed hydra
 15311 | Lair:1   | Killed a five-headed hydra
 15748 | Lair:1   | Noticed Grum
 15749 | Lair:1   | Noticed Fannar
 15761 | Lair:1   | Killed Grum
 15778 | Lair:1   | Slain by an ice beast

Illustrated notes

Levels and vault maps discovered:
D:1:      mrwooster_arrival_statue, layout_loops_ring,
          chequers_serial_rivers_marsh
D:2:      layout_rooms, serial_shops, nicolae_shop_advertising_works
          [nicolae_subvault_shop_adworks], minmay_tetromino_i4
D:3:      layout_basic
D:4:      layout_basic, lemuel_coloured_pillars_altar
D:5:      layout_loops_ring, uniq_grinder
D:6:      layout_rooms, minmay_temple_entry_junction, serial_shops,
          nicolae_shop_crystal
D:7:      layout_cave_pods
D:8:      layout_rooms, grunt_lair_entry_orc_guard_hut, grunt_decor_fettered,
          dk_noncrumbling_3
D:9:      layout_grid_maze, david_orc_2, enter_bailey_5, serial_undead,
          serial_undead_f, serial_undead_f, serial_undead_d, serial_undead_e,
          serial_undead_f, nzn_sisyphean_effort
Temple:   kilobyte_greek_temple
Lair:1:   lemuel_ratsnest, layout_loops_ring, hangedman_lair_generics_rect,
          uniq_fannar, uniq_grum

Skill      XL: |  1  2  3  4  5  6  7  8  9 10 11 |
---------------+----------------------------------+-----
Ice Magic      | 5 6 7 8 9 10 11 | 11.3
Conjurations   | 2 4 5 6 |  6.1
Spellcasting   | 3 4 6 |  6.0
Dodging        | 2 4 5 6 |  6.0
Fighting       | 1 2 |  2.0
Maces & Flails | 1 2 |  2.5
Bows           | 3 5 6 |  6.4
Invocations    | 3 5 7 |  7.4
Stealth        | |  1.7

Action                   |  1- 3 |  4- 6 |  7- 9 | 10-12 || total
-------------------------+-------+-------+-------+-------++-------
Melee: Whip              |   145 |   115 |   169 |       ||   429
       Tailslap          |    20 |    24 |    42 |    38 ||   124
       Unarmed           |     1 |       |       |       ||     1
       Punch             |     1 |     2 |     3 |     6 ||    12
       Mace              |       |       |    35 |   169 ||   204
 Fire: Shortbow          |       |       |    82 |   110 ||   192
 Cast: Freeze            |    11 |       |       |       ||    11
       Frozen Ramparts   |     3 |    22 |    52 |    39 ||   116
       Ozocubu's Armour  |       |       |     3 |     2 ||     5
       Hailstorm         |       |       |     1 |     4 ||     5
  Use: Scroll            |       |     9 |     3 |     6 ||    18
       Potion            |       |     2 |     4 |     3 ||     9
 Stab: Sleeping          |     3 |     3 |       |       ||     6
       Paralysed         |       |       |       |     4 ||     4
       Petrified         |       |       |       |     5 ||     5
Armor: Skin              |    53 |    41 |   133 |   158 ||   385
Dodge: Dodged            |   110 |    80 |   202 |   233 ||   625
